Selects Airborne Battlegroup
Construct Weapon Support Center
Selects Paratrooper Squad Paradrop
Paratrooper Squad Paradrop
Paratrooper Squad Paradrop
Mechanized Support Center
Construct Medical Station
M16 Multiple Gun Motor Carriage
Designate Forward Repair Station
M16 Multiple Gun Motor Carriage
Paratrooper Squad Paradrop
Selects Anti-tank Gun Team Paradrop
Anti-tank Gun Team Paradrop
Improved M9 Bazooka Rockets